AoeStats
← RoR | Vodka_L_2

Arabia

510560770Analyzed
1v1 RM · 23h ago on Oct 1, 2026· 25m 49s· 2 players
Game mode
Random Map
Map size
Tiny (2 player)
Population
200
Speed
Normal
Resources
Standard
Victory
Conquest
Starting age
Dark Age
Ending age
Imperial Age
RankedLock teamsTeams togetherTeam positionsShared explorationLock speedFull tech treeHidden civsTurbo modeCheats
Victory
Defeat
🇮🇹 Malians · Italy
2549
+12
🇻🇳 Wei · Vietnam
2459
-12
Mr.Bean
8:57 Feudal Age
9:25 Double-Bit Axe
10:02 Horse Collar
10:45 Loom
15:53 Fletching
21:50 Castle Age
20:43 Padded Archer Armor
21:53 Elite Skirmisher
22:28 Bodkin Arrow
22:58 Leather Archer Armor
23:25 Leather Archer Armor
23:37 Bow Saw
RoR | Vodka_L_2
7:50 Loom
10:09 Feudal Age
10:11 Man-at-Arms
11:51 Double-Bit Axe
20:31 Castle Age
18:30 Horse Collar
19:07 Gold Mining
20:35 Crossbowman
21:05 Fletching
22:22 Bodkin Arrow
25:10 Bow Saw
Connection lost

Rejoining the realm…

Still unreachable

The connection could not be restored.

Session expired

The server has moved on; the page needs a fresh start.